 Dungeon Crawl Stone Soup version 0.21.1-1-g345015fe64 (webtiles) character file.

336 Gargoyl the Skirmisher (level 6, -10/51 HPs)
             Began as a Centaur Abyssal Knight on Mar 12, 2018.
             Was a Believer of Lugonu.
             Mangled by Skiberibeda's ghost (15 damage)
             ... on level 4 of the Dungeon.
             The game lasted 00:05:00 (3816 turns).

Gargoyl the Skirmisher (Centaur Abyssal Knight)     Turns: 3816, Time: 00:05:01

Health: -10/51     AC: 12    Str: 15    XL:     6   Next: 28%
Magic:  8/8        EV:  5    Int: 11    God:    Lugonu [**....]
Gold:   220        SH:  0    Dex: 10    Spells: 5/5 levels left

rFire    + + .     SeeInvis .   a - +1 hand axe
rCold    x . .     Gourm    .   (no shield)
rNeg     . . .     Faith    .   d - +0 fire dragon scales
rPois    .         Spirit   .   (no helmet)
rElec    .         Reflect  .   (no cloak)
rCorr    .         Harm     .   (no gloves)
MR       .....                  f - +0 centaur barding
Stlth    ..........             (no amulet)
HPRegen  0.17/turn              (no ring)
MPRegen  0.11/turn              (no ring)

@: very quick
A: large, hooves 3, deformed body, speed 2, tough skin 3
a: Depart the Abyss, Bend Space, Renounce Religion


You were on level 4 of the Dungeon.
You worshipped Lugonu.
Lugonu was pleased with you.
You were not hungry.

You visited 1 branch of the dungeon, and saw 4 of its levels.
You visited the Abyss 1 time.

You collected 220 gold pieces.

Inventory:

Hand Weapons
 a - a +1 hand axe (weapon)
Missiles
 j - 3 javelins (quivered)
Armour
 d - +0 fire dragon scales (worn)
 f - a +0 centaur barding (worn)
 m - a +0 ring mail
Jewellery
 o - an uncursed ring of protection from fire {unknown}
Scrolls
 e - a scroll of magic mapping
 l - 3 scrolls of identify
 q - 3 scrolls of remove curse
 r - a scroll of fear
 s - a scroll of enchant weapon {unknown}
 u - a scroll of teleportation {unknown}
Potions
 b - a potion of might
 g - a potion of mutation {unknown}
 h - a potion of magic
 i - 3 potions of curing {unknown}
 k - a potion of haste {unknown}
 n - a potion of agility {unknown}
 t - a potion of degeneration {unknown}
Comestibles
 c - 13 rations
 p - 3 chunks of flesh


   Skills:
 + Level 3.6 Fighting
 + Level 3.5 Axes
 * Level 3.3 Armour
 + Level 1.0 Dodging
 * Level 3.5 Invocations


You had 5 spell levels left.
You didn't know any spells.

Dungeon Overview and Level Annotations

Branches:
Dungeon (4/15)
 Temple: D:4-7

Altars:
Hepliaklqana
Ru
Sif Muna
Uskayaw
Xom
Zin
The Shining One

Annotations:
D:4 Skiberibeda's ghost, novice HOFi


Innate Abilities, Weirdness & Mutations

You have hooves in place of feet.
Armour fits poorly on your strangely shaped body.
You cover ground very quickly.
You have extremely tough skin. (AC +3)


Message History

The worker ant is almost dead.
The worker ant barely misses you.
You hit the worker ant.
You kill the worker ant!
Lugonu accepts your kill.
You hit Skiberibeda's ghost but do no damage.
Your kick misses Skiberibeda's ghost. Skiberibeda's ghost hits you.
You hit Skiberibeda's ghost but do no damage.
Skiberibeda's ghost hits you but does no damage.
You barely miss Skiberibeda's ghost. Your kick misses Skiberibeda's ghost.
Skiberibeda's ghost hits you! x2
* * * LOW HITPOINT WARNING * * *
You slash Skiberibeda's ghost! Your kick misses Skiberibeda's ghost.
Skiberibeda's ghost is lightly damaged.
Skiberibeda's ghost hits you.
* * * LOW HITPOINT WARNING * * *
You hit Skiberibeda's ghost.
Skiberibeda's ghost is lightly damaged.
Skiberibeda's ghost hits you!
You die...

#..........
###..........
........a.
#......#
#......#
###......#
#.....#..#
#....W# .##
#....@# ..#
#.....###.####
#............#
#####........#
###........#
.....(.
#..(...)...#
.......
#..........#
#.... .
#..........#
#...# #
#..........#
#...# #


You could see Skiberibeda's ghost.

Vanquished Creatures
  A scorpion (D:4)
  3 hounds
  An orc priest (D:2)
  Jessica (D:2)
  A worker ant (D:4)
  4 adders
  An ooze (D:4)
  A worm (D:2)
  2 leopard geckos
  5 orcs (D:2)
  6 bats
  2 giant cockroaches
  7 goblins
  6 hobgoblins
  8 jackals
  3 frilled lizards (D:2)
  9 kobolds
  10 rats
71 creatures vanquished.

Vanquished Creatures (others)
  2 starspawn tentacles (Abyss:3)
2 creatures vanquished.

Grand Total: 73 creatures vanquished

Notes
Turn   | Place    | Note
-------+----------+-------------------------------------------
     0 | Abyss:1  | Gargoyl the Centaur Abyssal Knight began the quest for the Orb.
     0 | Abyss:1  | Reached XP level 1. HP: 19/19 MP: 2/2
    66 | Abyss:1  | Noticed an orange demon
    78 | Abyss:2  | Noticed a ynoxinul
   143 | Abyss:3  | Noticed a tentacled starspawn
   164 | D:1      | Escaped the Abyss
   325 | D:1      | Reached XP level 2. HP: 21/26 MP: 3/3
   392 | D:1      | Reached * piety under Lugonu
  1022 | D:2      | Found a shimmering altar of Xom.
  1404 | D:2      | Reached XP level 3. HP: 15/31 MP: 3/5
  1606 | D:2      | Reached XP level 4. HP: 35/38 MP: 6/6
  1622 | D:2      | Noticed Jessica
  1629 | D:2      | Killed Jessica
  1962 | D:2      | Reached XP level 5. HP: 23/45 MP: 7/7
  2209 | D:2      | Found a deep blue altar of Sif Muna.
  2689 | D:3      | Reached ** piety under Lugonu
  2864 | D:3      | Found a glowing golden altar of the Shining One.
  3064 | D:3      | Found a sacrificial altar of Ru.
  3067 | D:3      | Found a glowing silver altar of Zin.
  3081 | D:3      | Found a hide-covered altar of Uskayaw.
  3091 | D:3      | Found a hazy altar of Hepliaklqana.
  3675 | D:4      | Reached XP level 6. HP: 41/51 MP: 8/8
  3796 | D:4      | Reached skill level 1 in Dodging
  3807 | D:4      | Noticed Skiberibeda's ghost (novice HOFi)
  3816 | D:4      | Mangled by Skiberibeda's ghost

Skill      XL: |  1  2  3  4  5  6 |
---------------+-------------------+-----
Axes           | 2 3 |  3.5
Armour         | 2 3 |  3.3
Invocations    | 3 |  3.5
Dodging        | 1 |  1.0
Fighting       | |  3.6

Action                   |  1- 3 |  4- 6 || total
-------------------------+-------+-------++-------
Melee: Hand axe          |    60 |   170 ||   230
       Kick              |     5 |    30 ||    35
Throw: Javelin           |     1 |       ||     1
Invok: Depart the Abyss  |     1 |       ||     1
  Use: Scroll            |     6 |     2 ||     8
       Potion            |       |     1 ||     1
  Eat: Chunk             |     1 |     6 ||     7
Armor: Fire dragon scale |    62 |   170 ||   232
Dodge: Dodged            |    16 |    44 ||    60
